 Dungeon Crawl Stone Soup version 0.32-a0-921-g04a7ad8e02 (webtiles) character file.

Game seed: 14302183928351688701

2130365 Sergey the Cryomancer (level 27, 163/163 HPs)
             Began as a Felid Hedge Wizard on Apr 12, 2024.
             Was a High Priest of Hepliaklqana.
             Escaped with the Orb
             ... and 4 runes!
             The game lasted 02:55:11 (81379 turns).

Sergey the Cryomancer (Felid Hedge Wizard)         Turns: 81379, Time: 02:55:12

Health: 163/163    AC: 27    Str:  6    XL:     27
Magic:  42/42      EV: 35    Int: 29    God:    Hepliaklqana [*****.]
Gold:   5842       SH:  0    Dex: 20    Spells: 19/63 levels left
                                        Lives:  2   Deaths: 0

rFire   + +          .
                       - Unarmed
rCold   + . .        (shield unavailable)
rNeg    + . .        (body armour unavailable)
rPois   ∞            (helmet unavailable)
rElec   +            (cloak unavailable)
rCorr   +            (gloves unavailable)
SInv    +            (boots unavailable)
Will    ++++.        n - amulet of the Raven {rPois rF++ Regen+ Str+3 Dex-4}
Stlth   ++           A - ring of the Mage {Wiz Archmagi}
HPRegen 1.27/turn    k - ring of Othis {rC+ rCorr Str-3 Dex+5}
MPRegen 0.28/turn

%: wizardry (x1), archmagi
@: statue-form, studying Stealth, very slow
A: slow and powerful, torment resistance 1, boosted hp, reduced essence, very
small, claws 1, fangs 3, see invisible, (shaggy fur 3), stealthy paws, no
weapons or thrown items, no armour, multi-lived, low MP 1
0: Orb of Zot
}: 4/15 runes: decaying, serpentine, slimy, silver
a: Begin Untransformation, Renounce Religion, Recall Ancestor, Ancestor
Identity, Transference, Idealise


You escaped.
You worshipped Hepliaklqana.
Hepliaklqana was extremely pleased with you.
You were a living statue of rough stone.
You visited 12 branches of the dungeon, and saw 56 of its levels.
You also visited: Trove, Sewer and Ice Cave.

You collected 11507 gold pieces.
You spent 5665 gold pieces at shops.

Inventory:

Jewellery
 f - the ring of Ascent {Will+ rCorr MP+9 Int+3}
   (You bought it in a shop on level 2 of the Orcish Mines)

   [ring of magical power]

   Int+3:     It affects your intelligence (+3).
   Will+:     It increases your willpower.
   MP+9:      It affects your magic capacity (+9).
   rCorr:     It protects you from acid and corrosion.
 k - the ring of Othis (right paw) {rC+ rCorr Str-3 Dex+5}
   (You bought it in a shop on level 2 of the Orcish Mines)

   [ring of protection from cold]

   Str-3:     It affects your strength (-3).
   Dex+5:     It affects your dexterity (+5).
   rC+:       It protects you from cold.
   rCorr:     It protects you from acid and corrosion.
 n - the amulet of the Raven (around neck) {rPois rF++ Regen+ Str+3 Dex-4}
   (You bought it in a shop on level 4 of the Snake Pit)

   [amulet of regeneration]

   Str+3:     It affects your strength (+3).
   Dex-4:     It affects your dexterity (-4).
   rF++:      It greatly protects you from fire.
   rPois:     It protects you from poison.
   Regen+:    It increases your rate of health regeneration.
 t - a ring of protection from fire
 A - the ring of the Mage (left paw) {Wiz Archmagi}
   (You found it on level 5 of the Pits of Slime)

   [ring of wizardry]

   Wiz:       It improves your spell success rate.
   Archmagi:  It increases the power of your magical spells.
 G - a ring of protection from cold
 H - a ring of protection from cold
 K - a +4 ring of slaying
 P - the ring "Hacs" {rElec Will+ rCorr Dex+6}
   (You found it in an ice cave)

   [ring of dexterity]

   Dex+6:     It affects your dexterity (+6).
   rElec:     It insulates you from electricity.
   Will+:     It increases your willpower.
   rCorr:     It protects you from acid and corrosion.
 U - the ring "Kioretot" {rElec rPois rF+}
   (You bought it in a shop on level 4 of the Snake Pit)

   [ring of protection from fire]

   rF+:       It protects you from fire.
   rElec:     It insulates you from electricity.
   rPois:     It protects you from poison.
 W - the amulet of Xamung {rElec RegenMP+ Str+3}
   (You found it on level 5 of the Vaults)

   [amulet of magic regeneration]

   It increases your rate of magic regeneration.
   Str+3:     It affects your strength (+3).
   rElec:     It insulates you from electricity.
   RegenMP+:  It increases your rate of magic regeneration.
Talismans
 u - a granite talisman (active)
Wands
 c - a wand of light (10)
 h - a wand of mindburst (9)
 i - a wand of roots (40)
 v - a wand of digging (9)
 O - a wand of flame (119)
Scrolls
 b - 6 scrolls of fear
 e - 4 scrolls of amnesia
 m - 4 scrolls of blinking {@r4}
 w - 12 scrolls of teleportation {@r3}
 B - 8 scrolls of poison
 E - 12 scrolls of vulnerability {!r}
 F - 5 scrolls of immolation
 N - a scroll of butterflies
 S - 4 scrolls of fog {@r2}
 T - 4 scrolls of torment
Potions
 a - a potion of magic
 d - a potion of might {@q3}
 g - 2 potions of cancellation
 l - a potion of haste {@q5}
 p - 4 potions of enlightenment
 q - 8 potions of attraction
 r - 2 potions of invisibility
 x - 21 potions of curing {@q2}
 z - 6 potions of lignification
 D - 4 potions of ambrosia
 I - 6 potions of brilliance
 L - 8 potions of heal wounds {@q1}
 M - 8 potions of mutation
 Q - 4 potions of berserk rage
Miscellaneous
 s - a phantom mirror
 y - a Gell's gravitambourine (2/2)
 C - a sack of spiders
 R - a lightning rod (4/4)
 V - a condenser vane


   Skills:
 + Level 13.5 Fighting
 + Level 21.4 Dodging
 + Level 15.5 Stealth
 - Level 10.0 Unarmed Combat
 + Level 18.8 Spellcasting
 - Level 10.0 Conjurations
 - Level 3.0 Summonings
 - Level 2.0 Translocations
 - Level 24.0 Ice Magic
 - Level 10.0 Earth Magic
 - Level 8.0 Alchemy
 - Level 12.0 Invocations
 - Level 12.0 Evocations
 - Level 16.0 Shapeshifting


You had 19 spell levels left.
You knew the following spells:

 Your Spells              Type           Power      Damage    Failure   Level
a - Magic Dart            Conj           100%       1d8       1%          1
b - Call Imp              Summ           100%       N/A       1%          2
c - Mephitic Cloud        Conj/Alch/Air  75%        N/A       1%          3
d - Iskenderun's Battles  Conj           91%        2d14      1%          5
e - Blink                 Tloc           100%       N/A       1%          2
h - Passwall              Erth           91%        N/A       1%          3
j - Apportation           Tloc           100%       N/A       1%          1
o - Ozocubu's Refrigerat  Ice            64%        4d21      1%          7
p - Polar Vortex          Ice            64%        12d8*     3%          9
r - Irradiate             Conj/Alch      43%        3d26      1%          5
z - Permafrost Eruption   Ice/Erth       56%        2x4d12    1%          6

Your spell library contained the following spells:

 Spells                   Type           Power      Damage    Failure   Level
 Freeze                   Ice            100%       1d10      0%          1
 Ensorcelled Hibernation  Hex/Ice        100%       N/A       0%          2
 Frozen Ramparts          Ice            100%       1d16      0%          3
 Hailstorm                Conj/Ice       100%       3d16      0%          3
 Summon Ice Beast         Ice/Summ       100%       N/A       0%          3
 Necrotise                Necr           100%       1d9       1%          1
 Sandblast                Erth           100%       2d20      1%          1
 Shock                    Conj/Air       100%       1d9       1%          1
 Slow                     Hex            100%       N/A       1%          1
 Sting                    Conj/Alch      100%       1d9       1%          1
 Summon Small Mammal      Summ           100%       N/A       1%          1
 Cigotuvi's Dreadful Rot  Necr/Alch/Air  100%       N/A       1%          2
 Lesser Beckoning         Tloc           100%       N/A       1%          2
 Momentum Strike          Conj/Tloc      100%       3d10      1%          2
 Scorch                   Fire           80%        2d8       1%          2
 Static Discharge         Conj/Air       100%       3-8/arc   1%          2
 Call Canine Familiar     Summ           61%        N/A       1%          3
 Dazzling Flash           Conj/Hex       100%       N/A       1%          3
 Fugue of the Fallen      Necr           40%        N/A       1%          3
 Maxwell's Portable Pile  Tloc           55%        2d(10-30) 1%          3
 Stone Arrow              Conj/Erth      100%       3d13      1%          3
 Swiftness                Air            40%        N/A       1%          3
 Teleport Other           Tloc           55%        N/A       1%          3
 Tukima's Dance           Hex            40%        N/A       1%          3
 Vampiric Draining        Necr           40%        2d8       1%          3
 Volatile Blastmotes      Fire/Tloc      98%        2d18      1%          3
 Brom's Barrelling Bould  Conj/Erth      91%        2d10      1%          4
 Flame Wave               Conj/Fire      71%        2d16      1%          4
 Fulminant Prism          Conj/Alch      43%        3d19      1%          4
 Iskenderun's Mystic Bla  Conj/Tloc      75%        2d15      (+2d81%     4
 Petrify                  Alch/Erth      87%        N/A       1%          4
 Sculpt Simulacrum        Ice/Alch       55%        N/A       1%          6
 Arcjolt                  Conj/Air       35%        1d45      2%          5
 Borgnjor's Vile Clutch   Necr/Erth      35%        N/A       2%          5
 Fireball                 Conj/Fire      35%        3d15      2%          5
 Martyr's Knell           Necr/Summ      52%        N/A       3%          4
 Summon Blazeheart Golem  Fire/Summ      52%        N/A       3%          4
 Summon Lightning Spire   Summ/Air       52%        N/A       3%          4
 Eringya's Noxious Bog    Alch           42%        4d6       3%          6
 Vhi's Electric Charge    Tloc/Air       98%        N/A       4%          4
 Airstrike                Air            20%        2d(3-19)  6%          4
 Anguish                  Hex/Necr       20%        N/A       6%          4
 Animate Dead             Necr           40%        N/A       6%          4
 Cause Fear               Hex            20%        N/A       6%          4
 Dispel Undead            Necr           40%        3d16      6%          4
 Summon Forest            Summ/Tloc      29%        N/A       6%          5
 Summon Mana Viper        Hex/Summ       52%        N/A       9%          5
 Orb of Destruction       Conj           45%        9d12      9%          7
 Conjure Ball Lightning   Conj/Air       35%        3x3d11    12%         6
 Starburst                Conj/Fire      35%        6d10      12%         6
 Curse of Agony           Necr           40%        N/A       16%         5
 Silence                  Hex/Air        20%        N/A       16%         5
 Summon Cactus Giant      Summ           30%        N/A       26%         6
 Death Channel            Necr           20%        N/A       65%         6
 Plasma Beam              Fire/Air       20%        2x1d32    65%         6
 Monstrous Menagerie      Summ           30%        N/A       80%         7
 Summon Hydra             Summ           30%        N/A       80%         7
 Malign Gateway           Summ/Tloc      29%        N/A       86%         7
 Enfeeble                 Hex            20%        N/A       99%         7
 Discord                  Hex            20%        N/A       100%        8
 Disjunction              Tloc           27%        N/A       100%        8
 Maxwell's Capacitive Co  Air            20%        ∞         100%        8
 Shatter                  Erth           45%        3d35*     100%        9
 Sublimation of Blood     Necr           Unusable   N/A       N/A         2

Dungeon Overview and Level Annotations

Branches:
Dungeon (15/15)            Temple (1/1) D:6            Lair (5/5) D:8
  Swamp (4/4) Lair:3        Snake (4/4) Lair:3        Slime (5/5) Lair:5
    Orc (2/2) D:11            Elf (3/3) Orc:2        Vaults (5/5) D:13
  Crypt (3/3) Vaults:3       Tomb (0/3) Crypt:3      Depths (4/4) D:15
    Zot (5/5) Depths:4      Sewer (visited)           IceCv (visited)

Altars:
Ashenzari
Cheibriados
Dithmenos
Elyvilon
Fedhas
Gozag
Hepliaklqana
Kikubaaqudgha
Makhleb
Nemelex Xobeh
Okawaru
Qazlal
Ru
Sif Muna
Trog
Uskayaw
Vehumet
Wu Jian
Xom
Yredelemnul
Zin
The Shining One
Beogh
Jiyva

Shops:
D:4 (   D:9 [   D:14 (   Orc:2 ?*=[   Snake:1 ([!   Snake:4 =*=!   Vaults:3 (
Vaults:5 ?!

Portals:
Hell: Depths:1 Depths:2 Depths:3 Depths:4
Abyss: Depths:1 Depths:2 Depths:3 Depths:4
Pandemonium: Orc:2 Depths:2 Depths:3
Ziggurat: Depths:4

Annotations:
D:1 exclusion: downstairs
D:2 exclusion: downstairs
D:6 1 runed translucent door, exclusion: downstairs, Crazy Yiuf, Dowan, Duvessa, Grinder, Maggie
D:8 exclusion: 2 upstairs
D:9 exclusion: downstairs
D:11 VAULT
D:14 Jorgrun
Lair:4 exclusions: downstairs and oklob plant
Snake:2 exclusion: 2 downstairs
Snake:3 Vashnia
Orc:2 3 runed translucent doors, Querens's ghost, journeyman DECj; gouglew's ghost, journeyman TrSh; pedritolo's ghost, adept CoAl
Elf:1 1 runed translucent door, exclusions: downstairs, obsidian statue and orange crystal statue
Elf:2 3 runed translucent doors
Crypt:2 1 runed translucent door, Opnirgha's ghost, veteran GrEE
Crypt:3 1 runed translucent door, Vote's ghost, veteran OnAl
Depths:1 3 runed translucent doors, Echeifod's ghost, adept DECj
Depths:2 exclusion: 2 statues


Innate Abilities, Weirdness & Mutations

You are a living statue of rough stone.
Your actions are slow, but your melee attacks are powerful.
You are resistant to unholy torment.
Your maximum health is greatly increased.
Your life essence is reduced to manifest your ancestor. (-10% HP)
You are immune to poison.
You have sharp claws.
You have razor-sharp teeth.
You have supernaturally acute eyesight. (SInv)
((Your thick and shaggy fur keeps you warm. (AC +3, rC+)))
Your paws help you pounce on unaware monsters.
You are incapable of wielding weapons or throwing items.
You cannot wear armour.
You gain extra lives every three experience levels.
Your magical capacity is low. (-10% MP)


Message History

You mangle the hellwing!!
You kill the hellwing!
No target in view!
No target in view!
HP restored.
Your magical contamination has completely faded away.
A lorocyproca comes into view. 1HP gaming is no longer moving quickly.
There is a stone staircase leading up here.
You climb upwards.
Level annotation: 1 runed translucent door, exclusion: downstairs, Crazy Yiuf, Dowan, Duvessa, Grinder, Maggie
There is a stone staircase leading down here.
There is an open door here.
There is a stone staircase leading up here.
You climb upwards.
There is a stone staircase leading down here.
Magic restored.
You see here a +0 mace.
There is an open door here.
There is a stone staircase leading up here.
You climb upwards.
There is a stone staircase leading down here.
You swap places.
There is an entrance to Denidol's Weapon Boutique here.
There is a stone staircase leading up here.
You climb upwards.
There is a stone staircase leading down here.
There is a stone staircase leading up here.
You climb upwards.
Level annotation: exclusion: downstairs
There is a stone staircase leading down here.
There is a stone staircase leading up here.
You climb upwards.
Level annotation: exclusion: downstairs
There is a stone staircase leading down here.
You see here a +0 ring mail.
There is a staircase leading out of the dungeon here.
Unknown command.
Unknown command.
You have escaped!

#....##....... #########
#....##.......
#.......#####....##.......
#................##.......
#........#######...#####..
#........##..2.###..####..
##........#..##...##...##..
###........##..####..###.....
#..........#I.## ##..#####..
#.##>......#R.# #..## #..
#.#..#######..## ##..# ###
#.#..# ##..## ##..# #....#
#...####...## ####.#
##....##....# ####.#
##......).## #.##.#
####[......##
#.##.########..R.#..#...# ##


You could see the friendly 1HP gaming the knight (reflecting) and a tormentor.

Vanquished Creatures
  the Royal Jelly (Slime:5)
  3 dread liches
  2 orbs of fire (Zot:5)
  Mara (Elf:3)
  3 ancient liches (Zot:5)
  Xtahua (Vaults:4)
  A Killer Klown (Zot:5)
  A curse toe (Zot:5)
  3 golden dragons
  A profane servitor (D:7)
  Jory (Vaults:5)
  2 electric golems (Zot:5)
  2 bone dragons (Depths:4)
  A hellephant (D:15)
  A shard shrike zombie (Crypt:3)
  A walking crystal tome (Depths:3)
  A pandemonium lord (D:15)
  3 tentacled monstrosities
  2 liches
  20 Orb Guardians (Zot:5)
  A deep elf blademaster (Elf:3)
  2 deep elf master archers (Elf:3)
  3 ancient champions
  4 quicksilver dragons
  14 acid blobs
  A thorn hunter (Swamp:3)
  3 titans
  4 death cobs
  3 storm dragons
  2 shadow dragons
  4 tengu reavers
  Kirke (Elf:1)
  10 azure jellies
  3 draconian knights
  A revenant (Crypt:1)
  2 fenstrider witches
  A draconian monk (Zot:5)
  5 rockslimes
  4 protean progenitors
  Roxanne (Swamp:3)
  4 nagarajas
  A draconian shifter (Zot:5)
  Aizul (Snake:2)
  6 fire giants
  An iron dragon (Vaults:5)
  3 frost giants (Depths:4)
  3 deep elf sorcerers (Elf:3)
  A balrug (Depths:3)
  3 deep elf elementalists (Elf:3)
  14 vault wardens
  A reaper (Depths:4)
  A draconian stormcaller (Zot:1)
  A curse skull (Crypt:1)
  A ghost moth (Zot:5)
  2 spriggan defenders (Depths:2)
  4 draconian annihilators
  A formless jellyfish (Vaults:1)
  15 quicksilver oozes
  2 orc warlords (Vaults:2)
  10 ironbound preservers
  8 stone giants
  11 very ugly things
  11 vampire knights
  6 ironbound thunderhulks
  10 deep elf demonologists
  10 deep elf death magi
  3 black draconians
  6 red draconians
  3 war gargoyles
  6 eleionomae
  Azrael (Elf:1)
  3 white draconians (Zot:5)
  2 green draconians (Zot:5)
  12 dire elephants
  3 yellow draconians
  5 spark wasps
  7 deep elf annihilators
  7 purple draconians
  2 eidola
  Snorg (D:10)
  12 fire dragons
  6 ettins
  4 jiangshi (Crypt:3)
  4 deep elf high priests
  An entropy weaver (Vaults:3)
  A quicksilver dragon zombie (D:15)
  8 great orbs of eyes
  13 yaktaur captains
  9 ironbound frosthearts
  2 spriggan zombies
  5 spriggan air magi
  2 ghost crabs
  A merfolk avatar (Lair:5)
  2 ogre magi
  3 ice dragons
  12 hydras
  2 rakshasas
  8 salamander tyrants
  3 peacekeepers
  9 two-headed ogres
  29 vault guards
  15 alligators
  2 sphinx zombies
  3 catoblepae
  5 anacondas
  4 boulder beetles
  10 centaur warriors
  8 tengu warriors
  24 dancing weapons
  A two-headed ogre (shapeshifter) (Vaults:5)
  5 deep troll shamans
  A spriggan skeleton (Crypt:3)
  A titan zombie (Vaults:3)
  16 vampire magi
  5 deep troll earth magi
  4 hell hogs (Depths:4)
  7 hell knights
  5 occultists
  4 orc high priests
  5 shock serpents
  2 spriggan berserkers (Depths:4)
  13 naga sharpshooters
  Sonja (Lair:3)
  14 deep elf knights
  6 naga warriors
  A sun demon (Depths:3)
  A storm dragon zombie (Crypt:3)
  4 skysharks (Elf:3)
  7 spriggans
  A titan skeleton (Crypt:3)
  2 salamander mystics
  4 iron trolls
  A shadow wraith (Crypt:3)
  5 sixfirhies
  8 skeletal warriors
  13 swamp dragons
  3 goliath frogs
  A death drake (Swamp:3)
  2 spriggan simulacra
  2 flayed ghosts
  4 sea snakes
  10 deep elf archers
  31 deep trolls
  A spriggan druid (Swamp:3)
  A swamp dragon (shapeshifter) (Vaults:5)
  3 golden dragon zombies (Crypt:3)
  5 mana vipers
  10 bog bodies
  A shadow demon (D:15)
  6 lindwurms
  7 arcanists
  A shock serpent (shapeshifter) (Vaults:5)
  5 glowing orange brains
  6 phantasmal warriors
  A naga ritualist (Snake:3)
  An iron giant skeleton (Crypt:2)
  21 deep elf zephyrmancers
  3 thermic dynamos
  5 necromancers
  An obsidian bat (Orc:2)
  23 ironbound convokers
  A sun moth (shapeshifter) (Vaults:5)
  A lindwurm (shapeshifter) (Elf:3)
  2 stone giant zombies
  18 deep elf pyromancers
  A wolf spider (shapeshifter) (Depths:4)
  A tengu skeleton (Depths:1)
  5 orc sorcerers
  3 shining eyes
  2 harpies
  Pikel (D:7)
  2 oklob plants (Lair:5)
  7 orc knights
  3 large abominations (Depths:4)
  9 manticores
  4 will-o-the-wisps
  2 cyclopes
  14 salamanders
  28 ugly things
  An iron dragon skeleton (Depths:1)
  9 naga magi
  7 moths of wrath
  25 black mambas
  A frost giant skeleton (Vaults:3)
  12 vault sentinels
  Joseph (D:7)
  3 eyes of devastation
  2 centaur zombies (Crypt:3)
  A dire elephant zombie (Crypt:3)
  2 guardian serpents (Snake:4)
  A smoke demon (Depths:3)
  21 elephants
  A kobold blastminer (Orc:2)
  A torpor snail (Lair:5)
  A hellion (Depths:2)
  A fire giant skeleton (Vaults:3)
  11 cane toads
  3 gargoyles
  A dire elephant skeleton (Crypt:3)
  5 komodo dragons
  A kobold demonologist (D:12)
  4 unseen horrors
  2 freezing wraiths
  4 rime drakes
  3 efreet
  14 yaktaurs
  A tengu conjurer (D:11)
  An ice devil (D:10)
  A white draconian skeleton (Crypt:1)
  A death yak skeleton (Crypt:1)
  4 polar bears
  3 bloated husks
  3 trolls (D:11)
  A wind drake (Lair:5)
  A red devil (D:10)
  A hellwing (D:7)
  A shadow dragon simulacrum (Crypt:1)
  5 tyrant leeches
  8 hornets
  3 ettin zombies (Crypt:3)
  2 glass eyes
  7 blink frogs
  4 raiju (D:12)
  2 dream sheep (Lair:5)
  4 water elementals
  An ettin skeleton (Crypt:1)
  5 vampires (Crypt:3)
  An air elemental (Elf:2)
  A shadow (D:11)
  A black mamba zombie (Crypt:3)
  66 slime creatures
  6 wraiths
  A yak (shapeshifter) (Elf:2)
  3 wyverns
  36 yaks
  3 fire elementals
  An elf zombie (Vaults:3)
  3 hogs (Elf:1)
  12 vampire mosquitoes
  6 golden eyes
  4 basilisks
  A steam dragon (Lair:5)
  2 wargs
  Menkaure (D:7)
  5 chaos spawn (Depths:4)
  Edmund (D:5)
  21 swamp worms
  4 acid dragons
  25 nagas
  A naga skeleton (Crypt:1)
  4 great orb of eyes simulacra (IceCv)
  2 hell hounds (Elf:1)
  10 water moccasins
  A merfolk skeleton (Crypt:3)
  7 swamp drakes (Swamp:4)
  25 orc warriors
  A black bear (D:7)
  4 laughing skulls
  A lindwurm skeleton (Crypt:3)
  5 boggarts (D:15)
  A swamp dragon zombie (Crypt:3)
  3 centaurs
  6 ogres
  A snapping turtle skeleton (Crypt:2)
  2 lemures
  2 slime creature simulacra (IceCv)
  2 kobold brigands (D:11)
  9 bullfrogs
  A scorpion (D:7)
  A naga simulacrum (Crypt:3)
  3 glowing shapeshifter simulacra (IceCv)
  3 small abominations (Depths:4)
  2 gnoll sergeants
  4 wights (D:6)
  2 wyvern skeletons
  7 killer bees (D:11)
  A troll zombie (Crypt:1)
  A howler monkey (D:9)
  An electric eel (Lair:2)
  A bombardier beetle (D:3)
  5 hounds
  15 orc priests
  A bullfrog skeleton (Crypt:3)
  A jelly (D:8)
  A sleepcap (D:4)
  A gnoll bouda (D:5)
  Terence (D:3)
  12 orc wizards
  An acid dragon skeleton (Crypt:2)
  2 adders
  7 gnolls
  2 white imps
  2 ribbon worms
  A dart slug (D:5)
  42 orcs
  A ball python (D:3)
  7 bats
  3 endoplasms
  A giant cockroach (D:3)
  6 goblins
  6 hobgoblins
  2 jackals
  4 kobolds
  3 quokkas
  A ball python zombie (Crypt:3)
  2 frilled lizards (D:3)
  A frilled lizard skeleton (Crypt:3)
  A frilled lizard zombie (Crypt:1)
  2 rats
  2 aspiring fleshes (Zot:5)
1565 creatures vanquished.

Vanquished Creatures (collateral kills)
  2 dread liches (Zot:5)
  2 ancient liches (Zot:5)
  An orb of fire (Zot:5)
  3 Killer Klowns (Zot:5)
  A pandemonium lord (D:10)
  A golden dragon (Zot:5)
  Norris (Elf:3)
  8 tentacled monstrosities
  6 titans (Vaults:5)
  A deep elf blademaster (Elf:3)
  7 Orb Guardians
  2 liches
  An acid blob (Slime:5)
  An ancient champion (Crypt:2)
  A thorn hunter (Swamp:1)
  2 death cobs
  4 shadow dragons
  3 storm dragons
  Donald (Swamp:4)
  An azure jelly (Slime:4)
  2 tengu reavers (Vaults:5)
  A rockslime (Slime:4)
  The ghost of Daelauw the Fighter, an adept OpWn of Uskayaw (Orc:1)
  A draconian monk (Depths:4)
  6 vault wardens
  A frost giant (Depths:1)
  2 curse skulls
  3 ghouls
  A reaper (D:15)
  2 quicksilver oozes
  4 very ugly things
  4 stone giants
  6 ironbound thunderhulks
  2 deep elf death magi
  10 ironbound preservers
  7 vampire knights
  A deep elf demonologist (Vaults:5)
  A white draconian (Zot:5)
  A war gargoyle (Vaults:3)
  A bunyip (Swamp:1)
  3 dire elephants
  6 spark wasps
  A green death (Depths:2)
  5 fire dragons
  6 jiangshi
  A crystal guardian (Vaults:3)
  3 ettins
  2 yaktaur captains
  A spriggan zombie (Crypt:3)
  A rakshasa (Depths:2)
  An ice dragon (Depths:1)
  2 hydras
  4 great orbs of eyes
  A peacekeeper (Vaults:3)
  An ogre mage (D:15)
  3 ironbound frosthearts
  5 vault guards
  A demonspawn (Orc:2)
  3 two-headed ogres
  5 dancing weapons
  5 centaur warriors
  A sphinx skeleton (D:15)
  5 vampire magi (Crypt:3)
  3 deep troll shamans
  3 tengu warriors
  2 anacondas
  A boulder beetle (D:13)
  A deep troll earth mage (Depths:4)
  A naga sharpshooter (Snake:3)
  2 titan zombies (Crypt:3)
  2 orc high priests (Orc:2)
  A deep elf knight (Elf:3)
  A soul eater (Depths:2)
  2 hell knights (Depths:2)
  A titan skeleton (Depths:1)
  6 skeletal warriors
  A golden dragon zombie (Depths:1)
  A skyshark (Lair:5)
  3 iron trolls
  A deep elf archer (Elf:3)
  19 deep trolls
  A bunyip zombie (Crypt:3)
  A cherub (Depths:3)
  2 arcanists
  A storm dragon skeleton (D:15)
  2 bog bodies (Swamp:4)
  2 deep elf pyromancers
  An iron giant skeleton (Crypt:2)
  4 ironbound convokers
  2 mana vipers
  A tengu zombie (Vaults:3)
  3 necromancers (Vaults:3)
  2 phantasmal warriors (Vaults:5)
  A stone giant zombie (Depths:1)
  6 deep elf zephyrmancers
  2 harpies (Vaults:4)
  4 manticores
  3 orc sorcerers (Orc:2)
  A frost giant zombie (Vaults:3)
  A tengu skeleton (Vaults:3)
  2 salamanders
  2 cyclopes (D:11)
  2 orc knights (Orc:2)
  21 ugly things
  A shining eye (Slime:2)
  A black mamba (Lair:5)
  A guardian serpent (Snake:4)
  9 elephants
  3 vault sentinels
  A smoke demon (Orc:2)
  5 cane toads
  4 komodo dragons
  3 unseen horrors
  A rime drake (Lair:5)
  2 tengu conjurers
  6 yaktaurs
  2 freezing wraiths
  A white draconian skeleton (Crypt:3)
  A human skeleton (Vaults:3)
  A tyrant leech (Swamp:4)
  2 hornets
  A troll (Orc:2)
  2 glass eyes
  A jumping spider (shapeshifter) (Vaults:5)
  A dream sheep (Lair:5)
  A stone giant simulacrum (Vaults:3)
  5 blink frogs
  An air elemental (Elf:3)
  Sigmund (D:3)
  An ettin skeleton (Crypt:1)
  22 slime creatures
  5 wraiths
  23 yaks
  9 vampires (Crypt:3)
  A ynoxinul (D:15)
  A golden eye (Slime:5)
  A warg (Orc:1)
  4 vampire mosquitoes
  A basilisk (D:15)
  A redback (Vaults:5)
  A merfolk zombie (Crypt:2)
  2 ogre zombies (Vaults:3)
  4 nagas
  3 great orb of eyes simulacra (IceCv)
  2 water moccasins
  A cane toad zombie (Crypt:2)
  2 glowing shapeshifter zombies
  An entropy weaver zombie (Crypt:3)
  18 orc warriors
  2 human zombies (Vaults:3)
  4 laughing skulls (Crypt:2)
  An ice beast (D:6)
  A small abomination (Depths:4)
  A hornet zombie (Crypt:2)
  An ogre (D:15)
  4 centaurs
  A lemure (D:7)
  3 bullfrogs
  A wyvern zombie (Crypt:1)
  A glowing shapeshifter simulacrum (IceCv)
  A naga simulacrum (Crypt:3)
  A killer bee (D:11)
  A howler monkey (D:4)
  A bombardier beetle (D:5)
  A hound (D:6)
  13 orc priests
  A sleepcap (D:4)
  An iguana (D:6)
  5 orc wizards
  3 gnolls
  5 adders
  A white imp (D:6)
  A dart slug (D:2)
  15 orcs
  A ball python (D:4)
  A bat skeleton (Crypt:3)
  4 endoplasms
  2 giant cockroaches (D:3)
  6 goblins
  6 hobgoblins
  6 jackals (D:1)
  3 kobolds
  5 quokkas
  3 bats
  2 frilled lizards
  2 aspiring fleshes (Zot:5)
561 creatures vanquished.

Vanquished Creatures (others)
  A fire giant (Depths:1)
  2 yaktaur captains
  A salamander tyrant (Snake:4)
  A two-headed ogre (D:13)
  A centaur warrior (Vaults:1)
  A deep elf knight (Elf:2)
  A necromancer (Crypt:1)
  A vault sentinel (Vaults:4)
  A moth of wrath (Zot:5)
  A cane toad (Lair:5)
  8 yaktaurs
  A human (Elf:1)
  33 knights
  2 ancestors
  5 foxfires
60 creatures vanquished.

Grand Total: 2186 creatures vanquished

Notes
Turn   | Place    | Note
-------+----------+-------------------------------------------
     0 | D:1      | Sergey the Felid Hedge Wizard began the quest for the Orb.
     0 | D:1      | Reached XP level 1. HP: 9/9 MP: 5/5
   752 | D:1      | Reached XP level 2. HP: 13/13 MP: 4/7
   783 | D:1      | Learned a level 2 spell: Call Imp
  1776 | D:2      | Reached XP level 3. HP: 16/16 MP: 5/8
  2108 | D:2      | Learned a level 2 spell: Blink
  2693 | D:2      | Reached skill level 5 in Stealth
  3607 | D:2      | Reached skill level 1 in Fighting
  3680 | D:2      | Reached XP level 4. HP: 22/22 MP: 7/9
  3680 | D:2      | Gained a life (2 lives remaining)
  3744 | D:3      | Found a glowing drain.
  3856 | Sewer    | Entered a sewer
  3868 | Sewer    | Noticed a brain worm
  4027 | D:3      | Reached skill level 1 in Conjurations
  4104 | D:3      | Noticed Terence
  4455 | D:3      | Found a faded altar of an unknown god.
  4643 | D:3      | Found an ornate altar of the Wu Jian Council.
  4815 | D:3      | Noticed Sigmund
  4893 | D:3      | Killed Sigmund
  4894 | D:3      | Reached XP level 5. HP: 26/26 MP: 4/10
  4894 | D:3      | Gained mutation: You are covered in thick fur. (AC +2)
                  | [Felid growth]
  4894 | D:3      | Reached XP level 6. HP: 30/30 MP: 4/11
  5594 | D:4      | Found Denidol's Weapon Boutique.
  5648 | D:4      | Found a glowing golden altar of the Shining One.
  5689 | D:4      | Found a hazy altar of Hepliaklqana.
  6052 | D:4      | Reached skill level 5 in Dodging
  7201 | D:5      | Entered Level 5 of the Dungeon
  7389 | D:5      | Reached skill level 1 in Evocations
  7396 | D:5      | Learned a level 1 spell: Summon Small Mammal
  7398 | D:5      | Learned a level 1 spell: Apportation
  8185 | D:6      | Reached XP level 7. HP: 35/35 MP: 7/12
  8231 | D:6      | Noticed Duvessa
  8236 | D:6      | Found a staircase to the Ecumenical Temple.
  8245 | Temple   | Entered the Ecumenical Temple
  8261 | Temple   | Became a worshipper of Elyvilon the Healer
  8392 | D:4      | Fell from the grace of Elyvilon
  8392 | D:4      | Became a worshipper of Hepliaklqana the Forgotten
  8499 | D:6      | Found a shadowy altar of Dithmenos.
  8600 | D:6      | Found a runed translucent door.
  8601 | D:6      | Noticed Crazy Yiuf
  8638 | D:6      | Noticed Dowan
  8763 | D:6      | Noticed Grinder
  8956 | D:6      | Noticed Edmund
  9337 | D:7      | Reached skill level 5 in Conjurations
  9337 | D:7      | Reached XP level 8. HP: 23/40 MP: 10/15
  9410 | D:6      | Learned a level 3 spell: Mephitic Cloud
  9420 | D:7      | Noticed Joseph
  9654 | D:4      | Reached skill level 1 in Alchemy
 10021 | D:4      | Found an iron altar of Okawaru.
 10084 | D:3      | Found a faded altar of an unknown god.
 10344 | D:3      | Killed Terence
 11116 | D:6      | Noticed Maggie
 11343 | D:5      | Killed Edmund
 12354 | D:6      | Reached skill level 5 in Alchemy
 12397 | D:7      | Noticed Pikel
 12559 | D:8      | Reached * piety under Hepliaklqana
 13104 | D:8      | Found a staircase to the Lair.
 13201 | D:8      | Reached XP level 9. HP: 39/39 MP: 8/16
 13207 | D:8      | Learned a level 5 spell: Iskenderun's Battlesphere
 13632 | D:7      | Noticed Menkaure
 13853 | D:9      | Found a bloodstained altar of Trog.
 13919 | D:9      | Reached ** piety under Hepliaklqana
 13920 | D:9      | Remembered your ancestor 1HP gaming as a knight
 13924 | D:9      | Found Ceggeexi's Armour Shop.
 14797 | D:10     | Entered Level 10 of the Dungeon
 14881 | D:10     | Found a radiant altar of Vehumet.
 15379 | D:10     | Reached XP level 10. HP: 44/44 MP: 6/18
 15594 | D:10     | Found a glowing silver altar of Zin.
 15627 | D:10     | Reached skill level 5 in Spellcasting
 15890 | D:10     | Noticed Snorg
 16118 | D:10     | Learned a level 5 spell: Irradiate
 16169 | D:11     | Reached *** piety under Hepliaklqana
 16179 | D:11     | Noticed a cyclops
 16486 | D:11     | Noticed a manticore
 16503 | D:11     | Noticed a cyclops
 16527 | D:11     | Killed a cyclops
 16726 | D:11     | Noticed a cyclops
 16738 | D:11     | Killed a cyclops
 16739 | D:11     | Reached XP level 11. HP: 46/46 MP: 3/22
 16861 | D:11     | Found a staircase to the Orcish Mines.
 16935 | D:11     | Reached skill level 10 in Conjurations
 17070 | D:11     | Noticed a centaur warrior
 17080 | D:11     | Killed a centaur warrior
 17081 | D:11     | Reached skill level 1 in Invocations
 17100 | D:11     | Noticed a deep elf pyromancer
 17110 | D:11     | Killed a deep elf pyromancer
 17543 | D:11     | Reached skill level 5 in Fighting
 17635 | D:11     | Identified the +4 longbow "Iheuk" {heavy, *Slow rN+ Str+5
                  | Dex+2}
 17635 | D:11     | Noticed a centaur warrior
 17645 | D:11     | HP: 2/49 [centaur warrior/arrow (26)]
 17649 | D:11     | Killed a centaur warrior
 17799 | D:11     | Noticed a two-headed ogre
 17809 | D:11     | Killed a two-headed ogre
 17821 | D:11     | Noticed an arcanist
 17836 | D:11     | Killed an arcanist
 18361 | D:11     | Found a basalt altar of Yredelemnul.
 18474 | D:11     | Found a sacrificial altar of Ru.
 18475 | D:11     | Found a stormy altar of Qazlal.
 18475 | D:11     | Found an ornate altar of the Wu Jian Council.
 18992 | D:11     | Gained mutation: Your thick and shaggy fur keeps you warm.
                  | (AC +3, rC+) [Felid growth]
 18992 | D:11     | Reached XP level 12. HP: 54/54 MP: 13/25
 19226 | D:7      | Found an opulent altar of Gozag.
 19305 | D:7      | Identified the +0 robe "Trusted Companion" {*Corrode Int+7}
 19456 | D:7      | Killed Menkaure
 19797 | D:7      | Killed Pikel
 20055 | Lair:1   | Entered Level 1 of the Lair of Beasts
 20605 | Lair:1   | Reached skill level 10 in Spellcasting
 20765 | Lair:1   | Reached **** piety under Hepliaklqana
 21557 | Lair:2   | Reached skill level 1 in Unarmed Combat
 22106 | Lair:2   | Reached ***** piety under Hepliaklqana
 22530 | Lair:2   | Reached skill level 10 in Dodging
 23065 | Lair:3   | Found a staircase to the Swamp.
 23100 | Lair:3   | Found a hazy altar of Hepliaklqana.
 23183 | Lair:3   | Noticed Sonja
 23186 | Lair:3   | Killed Sonja
 23187 | Lair:3   | Reached XP level 13. HP: 61/61 MP: 20/28
 23915 | Lair:3   | Found a staircase to the Snake Pit.
 23925 | Lair:3   | Reached skill level 5 in Evocations
 24482 | Lair:4   | Found a glowing golden altar of the Shining One.
 25185 | Lair:5   | Entered Level 5 of the Lair of Beasts
 25675 | Lair:5   | Reached skill level 5 in Invocations
 25903 | Lair:5   | Reached XP level 14. HP: 65/65 MP: 17/30
 27228 | D:10     | Killed Snorg
 27373 | D:12     | Reached skill level 1 in Ice Magic
 27668 | D:12     | Identified the +9 quick blade "Doinaib" {elec, rPois rC-
                  | Str+3 Dex-3}
 27794 | D:12     | Reached skill level 2 in Ice Magic
 28201 | D:13     | Reached skill level 5 in Ice Magic
 28201 | D:13     | Reached XP level 15. HP: 71/71 MP: 32/32
 28227 | D:13     | Reached skill level 6 in Ice Magic
 28636 | Orc:1    | Entered Level 1 of the Orcish Mines
 28636 | Orc:1    | Found a roughly hewn altar of Beogh.
 28652 | Orc:1    | Found Misew's Distillery.
 28774 | Orc:1    | Found a runed translucent door.
 28777 | Orc:1    | Noticed Daelauw's ghost (adept OpWn)
 29043 | Orc:1    | Killed Daelauw's ghost
 29214 | Orc:2    | Entered Level 2 of the Orcish Mines
 29238 | Orc:2    | Learned a level 7 spell: Ozocubu's Refrigeration
 29239 | Orc:2    | Found a staircase to the Elven Halls.
 29246 | Orc:2    | Reached skill level 10 in Fighting
 29669 | Orc:2    | Found a runed translucent gate.
 29669 | Orc:2    | Found a runed translucent gate.
 29669 | Orc:2    | Found a runed translucent gate.
 29674 | Orc:2    | Noticed Querens's ghost (journeyman DECj)
 29674 | Orc:2    | Noticed pedritolo's ghost (adept CoAl)
 29674 | Orc:2    | Noticed gouglew's ghost (journeyman TrSh)
 29822 | Orc:2    | Found Bosmyih's General Store.
 29841 | Orc:2    | Reached skill level 7 in Ice Magic
 29916 | Orc:2    | Found Sike's Magic Scroll Shop.
 29948 | Orc:2    | Bought a scroll of identify for 24 gold pieces
 29949 | Orc:2    | Bought a scroll of fear for 48 gold pieces
 30276 | Orc:2    | Reached XP level 16. HP: 57/76 MP: 13/33
 30401 | Orc:2    | Reached skill level 8 in Ice Magic
 30596 | Orc:2    | Found Qenuc's Antique Armour Emporium.
 30596 | Orc:2    | Found Quzaz's Jewellery Shoppe.
 30597 | Orc:2    | Found a one-way gate leading to the halls of Pandemonium.
 30605 | Orc:2    | Bought the ring of Ascent {Will+ rCorr MP+9 Int+3} for 578
                  | gold pieces
 30605 | Orc:2    | Bought a ring of poison resistance for 260 gold pieces
 30770 | D:13     | Reached skill level 9 in Ice Magic
 31136 | D:13     | Identified a scroll of acquirement
 31136 | D:13     | Acquired 749 gold pieces
 31246 | D:13     | Found a gate to the Vaults.
 31380 | D:13     | Identified the +1 battleaxe "Mofil" {flame, rC- Int+3
                  | Dex+3}
 31468 | D:13     | Reached skill level 10 in Ice Magic
 31543 | D:13     | Found an iron altar of Okawaru.
 32217 | D:14     | Noticed Jorgrun
 32310 | D:14     | Reached skill level 11 in Ice Magic
 32568 | D:14     | Reached ****** piety under Hepliaklqana
 32881 | D:14     | Found Qawioful's Weapon Emporium.
 33317 | D:15     | Entered Level 15 of the Dungeon
 34007 | D:15     | Reached skill level 12 in Ice Magic
 34146 | D:15     | Found a sparkling altar of Nemelex Xobeh.
 34450 | D:15     | Found a staircase to the Depths.
 34713 | D:15     | Reached skill level 13 in Ice Magic
 35351 | Snake:1  | Entered Level 1 of the Snake Pit
 35544 | Snake:1  | Found a glacial archway.
 35553 | IceCv    | Entered an ice cave
 35718 | IceCv    | Reached skill level 14 in Ice Magic
 35718 | IceCv    | Reached XP level 17. HP: 80/80 MP: 34/34
 35729 | IceCv    | Learned a level 6 spell: Permafrost Eruption
 35896 | IceCv    | Reached skill level 1 in Earth Magic
 36063 | IceCv    | Found a viscous altar of Jiyva.
 36171 | IceCv    | Identified the ring "Hacs" {rElec Will+ rCorr Dex+6}
 36177 | IceCv    | Identified the +4 pair of gloves of Wid Meos {rElec rPois
                  | rF- Dex+2}
 36381 | Snake:1  | Reached skill level 15 in Ice Magic
 36499 | Snake:1  | Found Dakecuetir's Weapon Shop.
 36503 | Snake:1  | Found Ymnax's Armour Boutique.
 36504 | Snake:1  | Found Summoddo's Distillery.
 36524 | Snake:1  | Bought a potion of heal wounds for 90 gold pieces
 36524 | Snake:1  | Bought a potion of curing for 54 gold pieces
 36524 | Snake:1  | Bought 2 potions of curing for 108 gold pieces
 36524 | Snake:1  | Bought a potion of degeneration for 18 gold pieces
 37297 | Snake:2  | Reached skill level 5 in Earth Magic
 37413 | Snake:2  | Identified the serpent talisman "Ygotz" {Will+ Str+3}
 37413 | Snake:2  | Noticed Aizul
 37423 | Snake:2  | Killed Aizul
 38860 | Snake:3  | Reached skill level 16 in Ice Magic
 39301 | Snake:3  | Noticed Vashnia
 40130 | Snake:4  | Entered Level 4 of the Snake Pit
 40172 | Snake:4  | Reached skill level 17 in Ice Magic
 40481 | Snake:4  | Found Okkoen's Jewellery Shoppe.
 40481 | Snake:4  | Found Nuull's Assorted Antiques.
 40483 | Snake:4  | Found Owomas's Distillery.
 40487 | Snake:4  | Found Obepifega's Jewellery Emporium.
 40490 | Snake:4  | Bought the ring "Kioretot" {rElec rPois rF+} for 648 gold
                  | pieces
 40502 | Snake:4  | Bought a scroll labelled UMISOU XIGAPH for 43 gold pieces
 40502 | Snake:4  | Bought a potion of mutation for 344 gold pieces
 40506 | Snake:4  | Bought 2 potions of curing for 102 gold pieces
 40506 | Snake:4  | Bought a potion of enlightenment for 85 gold pieces
 40506 | Snake:4  | Bought a potion of enlightenment for 85 gold pieces
 40506 | Snake:4  | Bought a potion of brilliance for 68 gold pieces
 40506 | Snake:4  | Bought a potion of curing for 51 gold pieces
 40506 | Snake:4  | Bought a potion of curing for 51 gold pieces
 40506 | Snake:4  | Bought a potion of curing for 51 gold pieces
 40620 | Snake:4  | HP: 1/80 [salamander tyrant (12)]
 40935 | Snake:4  | Reached skill level 18 in Ice Magic
 41436 | Snake:4  | Reached XP level 18. HP: 83/83 MP: 23/35
 42038 | Snake:4  | Got a serpentine rune of Zot
 42251 | Swamp:1  | Entered Level 1 of the Swamp
 44243 | Swamp:3  | Reached skill level 19 in Ice Magic
 44347 | Swamp:3  | Noticed Roxanne
 44401 | Swamp:3  | Reached skill level 15 in Dodging
 44407 | Swamp:3  | Reached skill level 1 in Shapeshifting
 44867 | Swamp:4  | Entered Level 4 of the Swamp
 45619 | Swamp:4  | Reached skill level 5 in Shapeshifting
 46185 | Swamp:4  | Got a decaying rune of Zot
 46262 | Swamp:4  | Noticed Donald
 46266 | Swamp:4  | Killed Donald
 47039 | Elf:1    | Entered Level 1 of the Elven Halls
 47039 | Elf:1    | Found a runed translucent gate.
 47039 | Elf:1    | Found a runed translucent gate.
 47039 | Elf:1    | Found a runed translucent gate.
 47039 | Elf:1    | Found a runed translucent gate.
 47039 | Elf:1    | Found a runed translucent gate.
 47039 | Elf:1    | Found a runed translucent gate.
 47040 | Elf:1    | Found a runed translucent door.
 47045 | Elf:1    | Reached XP level 19. HP: 88/88 MP: 26/36
 47086 | Elf:1    | Found a runed translucent door.
 47136 | Orc:2    | Bought a scroll of silence for 152 gold pieces
 47136 | Orc:2    | Bought a scroll of silence for 152 gold pieces
 47136 | Orc:2    | Bought a scroll of teleportation for 48 gold pieces
 47344 | Elf:1    | Noticed Kirke
 47349 | Elf:1    | Killed Kirke
 47643 | Elf:1    | Noticed Azrael
 47646 | Elf:1    | Killed Azrael
 47799 | Elf:1    | Identified the +0 ring mail of the Swan {rPois Str-2 Dex+2}
 49280 | Elf:2    | Reached skill level 10 in Shapeshifting
 49396 | Elf:2    | Found a runed translucent gate.
 49396 | Elf:2    | Found a runed translucent gate.
 49406 | Elf:2    | Found a runed translucent gate.
 50176 | Elf:3    | Entered Level 3 of the Elven Halls
 50566 | Elf:3    | Found a shimmering blue altar of Sif Muna.
 50809 | Elf:3    | Noticed Norris
 51279 | Elf:3    | Killed Norris
 51769 | Elf:3    | Reached XP level 20. HP: 91/91 MP: 37/37
 51810 | Elf:3    | Noticed Mara
 51824 | Elf:3    | Killed Mara
 52322 | Elf:3    | Reached XP level 21. HP: 96/96 MP: 27/38
 52359 | Elf:3    | Identified the +9 scimitar of Saog {freeze, rElec rPois rC+
                  | Int+3}
 52389 | Elf:3    | Identified the +4 great sword "Heank" {pain, Will+ Str+5}
 52559 | Elf:3    | Identified the +4 halberd of Cejisaeg {freeze, rC++ Will-
                  | Int+3}
 52567 | Elf:3    | Identified the ring of Weofo Baci {Ice Str+4}
 53587 | Elf:3    | Got the Anthology of the Sandy Departed
 53752 | Vaults:1 | Entered Level 1 of the Vaults
 54429 | Vaults:1 | Reached skill level 15 in Shapeshifting
 56650 | Swamp:3  | Killed Roxanne
 57014 | Snake:4  | Bought the amulet of the Raven {rPois rF++ Regen+ Str+3
                  | Dex-4} for 1245 gold pieces
 59174 | Vaults:2 | Reached XP level 22. HP: 102/102 MP: 2/39
 59419 | Vaults:3 | Reached skill level 5 in Unarmed Combat
 59662 | Vaults:3 | Found a staircase to the Crypt.
 59662 | Vaults:3 | Found a basalt altar of Yredelemnul.
 59662 | Vaults:3 | Found an ancient bone altar of Kikubaaqudgha.
 60426 | Vaults:3 | Found the +1 Delatra's gloves {ID++}
 60550 | Vaults:3 | Found Fowni's Weapon Emporium.
 61669 | Orc:2    | Bought a scroll of revelation for 90 gold pieces
 61669 | Orc:2    | Bought the ring of Othis {rC+ rCorr Str-3 Dex+5} for 501
                  | gold pieces
 62502 | Vaults:4 | Reached skill level 10 in Unarmed Combat
 62811 | Vaults:4 | Identified the +5 scale mail "Orosel" {+Inv rF+ rC+ Int+3}
 62863 | Vaults:4 | Noticed Xtahua
 62873 | Vaults:4 | Killed Xtahua
 63234 | Vaults:4 | Identified the +11 short sword of the Shining Light {venom,
                  | rF- Str+4}
 63466 | Vaults:5 | Entered Level 5 of the Vaults
 63788 | Depths:1 | Entered Level 1 of the Depths
 63820 | Depths:1 | Learned a level 9 spell: Polar Vortex
 63825 | Depths:1 | Found a portal to a secret trove of treasure.
 63827 | Depths:1 | Found a gateway to Hell.
 64152 | Depths:1 | Reached XP level 23. HP: 107/107 MP: 40/40
 64414 | Depths:1 | Found a hazy altar of Hepliaklqana.
 64464 | Depths:1 | Found a one-way gate to the infinite horrors of the Abyss.
 64465 | Depths:1 | You fall into a shaft and drop 1 floor!
 66427 | Depths:1 | Found a runed translucent gate.
 66605 | Depths:1 | Found a runed translucent gate.
 66606 | Depths:1 | Found a runed translucent gate.
 66610 | Depths:1 | Found a viscous altar of Jiyva.
 66610 | Depths:1 | Noticed Echeifod's ghost (adept DECj)
 67231 | Depths:3 | Reached skill level 10 in Evocations
 67451 | Depths:3 | Reached skill level 10 in Invocations
 67571 | Depths:3 | Reached skill level 20 in Ice Magic
 67721 | Depths:3 | Found a shimmering blue altar of Sif Muna.
 67916 | Depths:3 | Identified the serpent talisman "Tenol" {*Slow Int+5 Dex+7}
 68167 | Depths:3 | Got Rophil's Compilation of Silt
 68392 | Depths:3 | Found a shimmering blue altar of Sif Muna.
 68514 | Depths:3 | Found an ancient bone altar of Kikubaaqudgha.
 69024 | Crypt:1  | Entered Level 1 of the Crypt
 70184 | Crypt:2  | Reached skill level 10 in Earth Magic
 70199 | Crypt:2  | Reached XP level 24. HP: 111/111 MP: 38/42
 70389 | Crypt:2  | Found a runed translucent door.
 70389 | Crypt:2  | Found a shimmering altar of Xom.
 70389 | Crypt:2  | Noticed Opnirgha's ghost (veteran GrEE)
 70394 | Crypt:2  | Identified the +4 dire flail of the Cup {chaos, rF+ rC+
                  | rCorr Int-4}
 70666 | Crypt:3  | Entered Level 3 of the Crypt
 70888 | Crypt:3  | Found a runed translucent door.
 70888 | Crypt:3  | Noticed Vote's ghost (veteran OnAl)
 71386 | Crypt:3  | Identified the ring of Utzeki {rPois rN++ Slay+2}
 71392 | Crypt:3  | Identified the staff "Lousit" {rN+ Int+4 Conj Necro}
 71502 | Crypt:3  | Identified the ring "Qovued" {Wiz rN++}
 72049 | Crypt:3  | Found a staircase to the Tomb.
 73025 | Lair:5   | Found a staircase to the Slime Pits.
 73086 | Slime:1  | Entered Level 1 of the Pits of Slime
 73438 | Slime:4  | Reached skill level 15 in Spellcasting
 73513 | Slime:5  | Entered Level 5 of the Pits of Slime
 73514 | Slime:5  | Gained mutation: Your magical capacity is low. (-10% MP) [a
                  | shining eye]
 73738 | Slime:5  | Noticed the Royal Jelly
 73744 | Slime:5  | Reached skill level 21 in Ice Magic
 73746 | Slime:5  | Killed the Royal Jelly
 73959 | Slime:5  | Identified the ring of Nefuq Poda {rC- rCorr MP+9 Slay+2}
 74000 | Slime:5  | Found the ring of the Mage {Wiz Archmagi}
 74028 | Slime:5  | Got a slimy rune of Zot
 74032 | Slime:5  | Got the Directory of Entrancing Hurting
 74069 | Slime:5  | Found the +4 robe of Folly {Brill Will-∞ Int+8}
 74069 | Slime:5  | Found the sphere of Battle
 74082 | Slime:5  | Got the Guide on the Hazy Geodesic
 74586 | Vaults:5 | Reached skill level 22 in Ice Magic
 74587 | Vaults:5 | Noticed Jory
 74591 | Vaults:5 | Killed Jory
 74627 | Vaults:5 | Reached XP level 25. HP: 115/115 MP: 12/38
 74679 | Vaults:5 | Found Nubbef's Magic Scroll Boutique.
 74760 | Vaults:5 | Noticed a dread lich
 74765 | Vaults:5 | Killed a dread lich
 74766 | Vaults:5 | Reached skill level 23 in Ice Magic
 75684 | Vaults:5 | Found Oliuti's Distillery.
 75689 | Vaults:5 | Bought 2 potions of curing for 102 gold pieces
 75689 | Vaults:5 | Bought a potion of curing for 51 gold pieces
 75689 | Vaults:5 | Bought a potion of heal wounds for 85 gold pieces
 75689 | Vaults:5 | Bought a potion of curing for 51 gold pieces
 75689 | Vaults:5 | Bought a potion of haste for 170 gold pieces
 75689 | Vaults:5 | Bought a potion of brilliance for 68 gold pieces
 75787 | Vaults:5 | Got a silver rune of Zot
 76328 | Vaults:5 | Identified the amulet of Xamung {rElec RegenMP+ Str+3}
 77124 | Depths:1 | You paid a toll of 7 potions of haste to enter a treasure
                  | trove
 77125 | Trove    | Entered a treasure trove
 77146 | Trove    | Identified the ring of a Thousand Demons {Fire Dex+3}
 77167 | Trove    | Acquired 549 gold pieces
 77432 | Vaults:5 | Bought a scroll of butterflies for 88 gold pieces
 77432 | Vaults:5 | Bought a scroll of fog for 88 gold pieces
 77432 | Vaults:5 | Bought a scroll of teleportation for 66 gold pieces
 77741 | Depths:4 | Entered Level 4 of the Depths
 78403 | Depths:4 | Found a one-way gateway to a ziggurat.
 78655 | Depths:4 | Found a sparkling altar of Nemelex Xobeh.
 78723 | Depths:4 | Found a gate to the Realm of Zot.
 78826 | Zot:1    | Entered Level 1 of the Realm of Zot
 78832 | Zot:1    | Learned a level 3 spell: Passwall
 79168 | Zot:4    | Reached skill level 24 in Ice Magic
 79208 | Zot:5    | Entered Level 5 of the Realm of Zot
 79245 | Zot:5    | Reached XP level 26. HP: 119/119 MP: 40/40
 79499 | Zot:5    | Noticed an ancient lich
 79511 | Zot:5    | Killed an ancient lich
 79597 | Zot:5    | Noticed a dread lich
 79601 | Zot:5    | Killed a dread lich
 79667 | Zot:5    | Noticed an orb of fire
 79670 | Zot:5    | Killed an orb of fire
 79670 | Zot:5    | Noticed a dread lich
 79673 | Zot:5    | Killed a dread lich
 79676 | Zot:5    | Noticed an orb of fire
 79682 | Zot:5    | Killed an orb of fire
 79682 | Zot:5    | Noticed an orb of fire
 79684 | Zot:5    | Killed an orb of fire
 79687 | Zot:5    | Noticed an ancient lich
 79690 | Zot:5    | Noticed a dread lich
 79695 | Zot:5    | Killed an ancient lich
 79697 | Zot:5    | Noticed an ancient lich
 79705 | Zot:5    | Killed a dread lich
 79712 | Zot:5    | Killed an ancient lich
 79719 | Zot:5    | Noticed a dread lich
 79729 | Zot:5    | Killed a dread lich
 79730 | Zot:5    | Reached skill level 10 in Stealth
 79786 | Zot:5    | Noticed an ancient lich
 79794 | Zot:5    | Killed an ancient lich
 80491 | Zot:5    | Noticed an ancient lich
 80497 | Zot:5    | Killed an ancient lich
 80832 | Zot:5    | Got the Orb of Zot
 81019 | D:15     | Noticed Fopangonn the pandemonium lord
 81023 | D:15     | Killed Fopangonn the pandemonium lord
 81057 | D:15     | Noticed Acimolar the pandemonium lord
 81059 | D:15     | Reached skill level 15 in Stealth
 81159 | D:10     | Noticed Honegourr the pandemonium lord
 81164 | D:10     | Killed Honegourr the pandemonium lord
 81165 | D:10     | Reached XP level 27. HP: 126/126 MP: 13/42
 81224 | D:7      | Killed Joseph
 81379 | D:$      | Escaped with the Orb!

Illustrated notes

Levels and vault maps discovered:
D:1:      dpeg_arrival_round_b, layout_basic
D:2:      layout_loops_ring, grunt_ministairs_15, minmay_large_rounded_square
D:3:      cheibrodos_greedy_goblins, layout_basic, nzn_wu_jian_council_hall,
          portal_sewer_entry_f, hellmonk_ecumenical_altar_blasted, uniq_sigmund,
          uniq_terence
D:4:      kennysheep_spiral_hall, layout_basic, lemuel_tele_altar,
          mainiacjoe_overflow_24_doors, lemuel_coloured_pillars_altar,
          serial_shops, nicolae_shop_tiny_statue_garden,
          kennysheep_generic_room_3
D:5:      layout_loops_corners, hangedman_decor_push, minmay_misc_feat_room,
          serial_library_regret_index_small_wings
D:6:      layout_gridville, mainiacjoe_overflow_six_doors_small,
          minmay_temple_entry_waves, grunt_ministairs_10, minivault_24,
          dreamdust_wishing_well, uniq_grinder, uniq_maggie, uniq_edmund,
          uniq_duvessa, uniq_crazy_yiuf_cottage
D:7:      layout_cave_pools, grunt_gozag_statues, dk_rats_in_the_wall,
          uniq_menkaure, uniq_pikel, uniq_joseph
D:8:      lemuel_ice_spiral_2, layout_basic, lair_entry_dummy
D:9:      layout_basic, overflow_temple_1_default, serial_shops, shop
D:10:     layout_big_octagon, nicolae_vehumet_altar_sigil,
          mainiacjoe_overflow_surrounded_room, uniq_snorg
D:11:     minmay_the_grid_octo_tiled_squarecenter
          [minmay_the_grid_octo_clover_2, minmay_the_grid_octo_shrine,
          minmay_the_grid_octo_checkerflower, minmay_the_grid_octo_checkered,
          minmay_the_grid_square_5x5_megaprize_crossed,
          minmay_the_grid_square_5x5_tetrominoes,
          minmay_the_grid_square_5x5_bridge,
          minmay_the_grid_square_5x5_pentomino_r,
          minmay_the_grid_square_5x5_hollow_slash], layout_grid_maze
D:12:     minmay_shoctagon, layout_rooms, serial_bayou_crossing
D:13:     evilmike_iron_armoury, layout_loops_ring,
          lightli_vaults_fourway_checkpoint
D:14:     layout_stronghold, serial_shops, nicolae_lakefront_shop,
          nrook_mini_backslash, uniq_jorgrun
D:15:     gammafunk_depths_entry_grave, layout_stronghold, basic_altar
Temple:   dshaligram_water_room_temple
Lair:1:   layout_regular_city
Lair:2:   layout_regular_city, serial_bayou_ford_a
Lair:3:   layout_roguey, swamp_mist, alex1729_snake_entry_snake, basic_altar,
          lemuel_fruit_tree, uniq_sonja
Lair:4:   layout_regular_city, basic_altar, grunt_megastairs_2
Lair:5:   gammafunk_lair_ancient_temple, layout_small_grid,
          minmay_slime_entry_oklob_enclosed
Swamp:1:  layout_basic_swamp, evilmike_swamp_ruin_house_2
Swamp:2:  layout_basic_swamp, evilmike_swamp_ruin_house_4, swamp_pool_1_2,
          cheibrodos_swamp_witchery, infiniplex_staircase_pool_2
Swamp:3:  layout_basic_swamp, nicolae_swamp_long_stream, uniq_roxanne
Swamp:4:  grunt_swamp_rune_castle, layout_basic_swamp, uniq_donald
Snake:1:  layout_onion, portal_ice_cave_entry_pillars_1, drop_trap,
          nicolae_zig_zag_zippers, minmay_shop_star
Snake:2:  layout_rooms, uniq_aizul
Snake:3:  layout_rooms, minmay_snake_pond, serial_bayou_shore_b, uniq_vashnia
Snake:4:  hellmonk_snake_rune_quicksilver_temple, layout_onion_interference,
          minmay_shoptagon
Slime:1:  layout_caves
Slime:2:  layout_caves, cheibrodos_slime_lost_civilization_4
Slime:3:  layout_caves
Slime:4:  layout_caves
Slime:5:  slime_pit_nicolae_trefoil
Orc:1:    layout_diamond_mine, basic_altar, hellmonk_ghost_happy_afterlife,
          serial_shops, shop_statue
Orc:2:    pf_orc_diabolical, layout_diamond_mine, gammafunk_ghost_cemetery
Elf:1:    nicolae_elf_arrival_dilemma, layout_loops_cross, guppyfry_elf_altar,
          nicolae_elf_big_sculpture_3, uniq_kirke, uniq_azrael
Elf:2:    elven_hall_of_blades_hangedman_original
          [nicolae_blade_entry_pointy_end], layout_loops_corners,
          nicolae_elf_glassroom_feature, uniq_nikola
Elf:3:    elf_hall_gauntlet_narrow, layout_onion_city, basic_altar, uniq_mara,
          uniq_norris
Vaults:1: nicolae_vaults_steering_wheel, nicolae_vaults_stairing_the_circle,
          nicolae_vaults_closet_pinwheel_5, v_alt_pattern_5, v_pattern_1,
          nicolae_vaults_trapezoid_2, nicolae_vaults_heart-shaped_vault,
          ontoclasm_vaults_gateway, nicolae_vaults_specimen_jars,
          nicolae_vaults_ring_of_whatevers, vaults_dpeg_emergency_exit,
          layout_vaults_chaotic_city
Vaults:2: vaults_mumra_minichess_inversion, vaults_dpeg_doors, vaults_mumra_hex,
          ontoclasm_vaults_decontamination, v_misc_13,
          nicolae_vaults_windows_and_doors_thing, layout_vaults_omnigrid
Vaults:3: minmay_crypt_entry_necro_gods, v_pattern_5,
          nicolae_vaults_stepped_doors, nicolae_vaults_yaktaur_gun_rack,
          nicolae_vaults_swerve, nicolae_vaults_disjoint_gnomons,
          vaults_room_pools, v_alt_pattern_1, vaults_room_grunt_arrival_ludios,
          v_misc_28, vaults_room_pool, nicolae_vaults_diamond_2,
          ontoclasm_vaults_fault, nicolae_vaults_variable_pillar_hall,
          layout_vaults_omnibox, serial_shops, shop
Vaults:4: vaults_dpeg_encased_lava, nicolae_vaults_disjoint_gnomons,
          hangedman_vaults_pinch, vaults_standard_mumra_lines,
          nicolae_vaults_variable_pillar_hall, v_alt_pattern_3,
          nicolae_vaults_surprise_closet_hard, vaults_dpeg_hooks,
          nicolae_vaults_frosty_reception, hangedman_vaults_maws,
          nicolae_vaults_tetromino_L_1, nicolae_vaults_more_shelving_1,
          vaults_room_pool, layout_vaults_omnicross, uniq_xtahua
Vaults:5: uniq_jory
Crypt:1:  layout_misc_corridors, st_stairs_10, lemuel_upstairs_altar,
          grunt_crypt_arrival_split
Crypt:2:  layout_rooms, ebering_ghost_xom
Crypt:3:  due_elkab, layout_chaotic_city, gammafunk_ghost_grave,
          minmay_misc_feat_cross, due_unseen_surprise
Depths:1: layout_basic, hangedman_coc_ice_floe, minmay_hedge_maze,
          enter_trove_2, gammafunk_ghost_ooze, abyss_entry_small_statue_room,
          worldfamousw_hep_ancestral_shrine
Depths:2: evilmike_halls_of_destruction, layout_gridlike,
          rand_demon_pan_entry_7, minmay_misc_feat_chi, grunt_hell_entry_dis_mu,
          regret_index_abyss_entry_earlier_magic
Depths:3: hangedman_cross_cluster, layout_cave_shapes,
          nicolae_sif_muna_condensation, lightli_too_deep,
          grunt_pan_entry_zigzag, abyss_entry, kennysheep_vampire_church,
          minmay_staircase_windowed_small
Depths:4: grunt_zot_entry_tricorne, layout_cave_pools, enter_ziggurat_e,
          hell_entry, nemelex_diamond_rough_becter, minmay_room_of_horrors
Zot:1:    layout_twisted_circle
Zot:2:    layout_twisted_circle, regret_index_zotdec_zees
Zot:3:    layout_gridville
Zot:4:    hellmonk_paralyzer, layout_onion_interference, bh_zot_lava_cross,
          st_stairs_10, grunt_ministairs_12,
          regret_index_zotdec_abyssal_contain_seething_sorcery, uniq_josephina
Zot:5:    layout_misc_corridors

Skill      XL: |  1  2  3  4  5  6  7  8  9 10 11 12 13 14 15 16 17 18 19 20 21 22 23 24 25 26 |
---------------+-------------------------------------------------------------------------------+-----
Stealth        | 3 4 5 6 9 15 | 15.5
Summonings     | 2 3 |  3.0
Fighting       | 1 2 3 6 8 9 10 11 12 13 | 13.5
Conjurations   | 2 3 5 6 9 10 | 10.0
Dodging        | 4 5 7 11 12 15 16 18 20 21 | 21.4
Translocations | 2 |  2.0
Evocations     | 2 3 4 7 8 9 11 12 | 12.0
Spellcasting   | 4 7 8 10 11 12 14 15 16 18 | 18.8
Alchemy        | 5 6 8 |  8.0
Invocations    | 3 5 7 9 10 12 | 12.0
Unarmed Combat | 2 4 10 | 10.0
Ice Magic      | 5 7 14 18 19 20 22 24 | 24.0
Earth Magic    | 7 10 | 10.0
Shapeshifting  | 7 13 16 | 16.0

Action                     |  1- 3 |  4- 6 |  7- 9 | 10-12 | 13-15 | 16-18 | 19-21 | 22-24 | 25-27 || total
---------------------------+-------+-------+-------+-------+-------+-------+-------+-------+-------++-------
  Melee: Unarmed           |    10 |    42 |    64 |    57 |    53 |    11 |    63 |   703 |   344 ||  1347
         Bite              |       |     4 |     9 |    10 |    10 |     4 |    11 |   160 |    71 ||   279
         Punch             |       |     1 |     3 |     1 |     2 |       |     4 |    67 |    43 ||   121
   Cast: Magic Dart        |    62 |    85 |   220 |   314 |   514 |   575 |     2 |       |       ||  1772
         Call Imp          |    39 |    54 |    64 |     2 |     1 |       |       |       |       ||   160
         Summon Small Mamm |       |    10 |     2 |       |       |       |       |       |       ||    12
         Mephitic Cloud    |       |       |    10 |    17 |    13 |     8 |       |       |       ||    48
         Blink             |       |       |     5 |       |     1 |     3 |     2 |     3 |       ||    14
         Iskenderun's Batt |       |       |     5 |    58 |    73 |    90 |     1 |       |       ||   227
         Irradiate         |       |       |       |    28 |    74 |    73 |    34 |    63 |    15 ||   287
         Apportation       |       |       |       |       |       |     2 |       |       |     1 ||     3
         Permafrost Erupti |       |       |       |       |       |   135 |   141 |   146 |    77 ||   499
         Ozocubu's Refrige |       |       |       |       |       |   211 |   346 |   253 |    40 ||   850
         Polar Vortex      |       |       |       |       |       |       |       |     2 |    50 ||    52
         Passwall          |       |       |       |       |       |       |       |       |    13 ||    13
 Invoke: Recall Ancestor   |       |       |     6 |     5 |    14 |    10 |    10 |     9 |     8 ||    62
         Ancestor Identity |       |       |     1 |       |       |       |       |       |       ||     1
         Ancestor Life: Kn |       |       |     1 |       |       |       |       |       |       ||     1
         Idealise          |       |       |       |       |     4 |     2 |     2 |     8 |     6 ||    22
         Transference      |       |       |       |       |     2 |     3 |     1 |     1 |       ||     7
Ability: Begin Untransform |       |       |       |       |       |     1 |       |       |       ||     1
  Evoke: Wand              |       |       |     6 |     6 |     8 |    17 |    14 |     5 |     9 ||    65
         Lightning rod     |       |       |       |     2 |    15 |    21 |     8 |    12 |     3 ||    61
         Gell's gravitambo |       |       |       |       |       |     5 |     4 |     5 |       ||    14
         Phantom mirror    |       |       |       |       |       |       |       |     2 |     1 ||     3
         Condenser vane    |       |       |       |       |       |       |       |     2 |     2 ||     4
         Sack of spiders   |       |       |       |       |       |       |       |       |     1 ||     1
    Use: Scroll            |     3 |     4 |     9 |    10 |     4 |     8 |     8 |     4 |    12 ||    62
         Potion            |       |     1 |     1 |     5 |     3 |     4 |     7 |     6 |    15 ||    42
   Stab: Sleeping          |     1 |     6 |     6 |     5 |     4 |     2 |     3 |    14 |     6 ||    47
         Invisible         |       |     1 |       |       |       |       |     1 |       |       ||     2
         Confused          |       |       |     1 |     6 |     1 |       |       |       |     1 ||     9
         Distracted        |       |       |       |       |       |       |     2 |    18 |     6 ||    26
         Petrifying        |       |       |       |       |       |       |       |       |     1 ||     1
 Armour: Skin              |     7 |    26 |    60 |    48 |    89 |   129 |   155 |   662 |   285 ||  1461
  Dodge: Dodged            |    24 |    42 |   131 |   100 |   238 |   175 |   234 |  1492 |   588 ||  3024
  Block: Other             |    10 |    19 |    40 |    18 |       |       |       |       |       ||    87
         Reflection        |     1 |     4 |       |     4 |       |       |       |       |       ||     9
   Form: Serpent           |       |       |       |       |       |     1 |       |       |       ||     1
         Statue            |       |       |       |       |       |       |     1 |       |       ||     1

Table legend: (Time is in decaauts)
 A = Elapsed time spent in this place.
 B = Non-inter-level travel time spent in this place.
 C = Inter-level travel time spent in this place.
 D = Time resting spent in this place.
 E = Time spent auto-exploring this place.
 F = Levels seen in this place.
 G = Mean time per level.
                   A        B        C        D        E       F      G
               +--------+--------+--------+--------+--------+-----+--------+
         Total |  93920 |  82520 |  11400 |  10564 |  54910 |  59 | 1591.9 |
       Dungeon |  29048 |  24950 |   4098 |   5077 |  12622 |  15 | 1936.5 |
        Temple |     32 |      2 |     30 |      0 |      0 |   1 |   32.0 |
          Lair |   8010 |   6953 |   1057 |    432 |   5504 |   5 | 1602.0 |
         Swamp |   5078 |   4494 |    584 |    338 |   3616 |   4 | 1269.5 |
     Snake Pit |   6582 |   5713 |    869 |   1017 |   3874 |   4 | 1645.5 |
    Slime Pits |   1634 |   1396 |    238 |    906 |     22 |   5 |  326.8 |
  Orcish Mines |   2351 |   1999 |    352 |     58 |   1481 |   2 | 1175.5 |
   Elven Halls |   6556 |   6264 |    292 |    934 |   4431 |   3 | 2185.3 |
        Vaults |  15524 |  13375 |   2149 |    437 |  11016 |   5 | 3104.8 |
         Crypt |   5599 |   4761 |    838 |      7 |   3662 |   3 | 1866.3 |
        Depths |   9576 |   8853 |    723 |    774 |   6768 |   4 | 2394.0 |
           Zot |   3092 |   2926 |    166 |    509 |   1553 |   5 |  618.4 |
         Trove |     80 |     80 |      0 |      0 |     25 |   1 |   80.0 |
         Sewer |     25 |     25 |      0 |      0 |      0 |   1 |   25.0 |
      Ice Cave |    726 |    726 |      0 |     73 |    331 |   1 |  726.0 |
               +--------+--------+--------+--------+--------+-----+--------+

Top non-repeatable levels by time:
    D:11: 3557 daAuts
Vaults:3: 3538 daAuts
Depths:2: 3455 daAuts
Vaults:2: 3369 daAuts
Vaults:1: 2981 daAuts
   Elf:3: 2968 daAuts
Vaults:4: 2902 daAuts
Depths:3: 2869 daAuts
 Crypt:3: 2780 daAuts
Vaults:5: 2732 daAuts
     D:3: 2679 daAuts
   Zot:5: 2441 daAuts
    D:15: 2350 daAuts
 Snake:4: 2243 daAuts
     D:2: 2217 daAuts
